 Dungeon Crawl Stone Soup version 0.21.1-1-g345015f (webtiles) character file.

13853 Ilphrin the Severer (level 12, 0/110 HPs)
             Began as a Hill Orc Berserker on May 3, 2018.
             Was a High Priest of Trog.
             Slain by a sun demon (27 damage)
             ... summoned by an orc sorcerer
             ... on level 1 of the Orcish Mines.
             The game lasted 01:08:57 (13233 turns).

Ilphrin the Severer (Hill Orc Berserker)           Turns: 13233, Time: 01:08:58

Health: 0/110      AC: 11    Str: 32    XL:     12   Next: 10%
Magic:  12/12      EV: 14    Int:  2    God:    Trog [*****.]
Gold:   281        SH:  0    Dex: 14    Spells: 11/11 levels left

rFire    x x .     SeeInvis +   b - +0 war axe (freeze)
rCold    + + .     Gourm    .   (no shield)
rNeg     . . .     Faith    .   o - +1 ring mail
rPois    .         Spirit   .   g - +2 helmet {SInv}
rElec    .         Reflect  .   (no cloak)
rCorr    .         Harm     .   (no gloves)
MR       .....                  (no boots)
Stlth    +.........             (no amulet)
HPRegen  0.28/turn              j - ring of ice
MPRegen  0.13/turn              r - ring "Elaij" {rF- rC+ Str+4 Int-5 Dex+2}

@: mighty, slowed, studying Shields, very slow
A: no striking features
a: Berserk, Trog's Hand, Brothers in Arms, Burn Spellbooks, Renounce Religion


You were on level 1 of the Orcish Mines.
You worshipped Trog.
Trog was extremely pleased with you.
You were not hungry.

You visited 3 branches of the dungeon, and saw 12 of its levels.

You collected 465 gold pieces.
You spent 184 gold pieces at shops.

Inventory:

Hand Weapons
 b - a +0 war axe of freezing (weapon)
Missiles
 m - 17 tomahawks (quivered)
Armour
 g - a +2 helmet of see invisible (worn)
 o - a +1 ring mail (worn)
Jewellery
 j - a ring of ice (left hand)
 r - the ring "Elaij" (right hand) {rF- rC+ Str+4 Int-5 Dex+2}
   (You acquired it on level 9 of the Dungeon)

   [ring of protection from cold]

   It affects your strength (+4).
   It affects your intelligence (-5).
   It affects your dexterity (+2).
   It makes you vulnerable to fire.
   It protects you from cold.
Wands
 s - a wand of disintegration (11)
 t - a wand of iceblast (7)
Scrolls
 c - 5 scrolls of identify
 e - 8 scrolls of remove curse
 f - 2 scrolls of fear
 i - a scroll of silence
Potions
 d - 2 potions of might
 k - a potion of haste
 p - a potion of flight
 u - a potion of brilliance
Books
 a - a manual of Shields {coucou}
 l - a book of Cantrips

   Spells                             Type                      Level
   a - Confusing Touch                Hexes                        1
   b - Animate Skeleton               Necromancy                   1
   c - Summon Small Mammal            Summoning                    1
   d - Apportation                    Translocation                1
   Trog disapproves of the use of such an item.
 q - a book of Frost

   Spells                             Type                      Level
   a - Freeze                         Ice                          1
   b - Throw Frost                    Conjuration/Ice              2
   c - Ozocubu's Armour               Charms/Ice                   3
   d - Throw Icicle                   Conjuration/Ice              4
   e - Summon Ice Beast               Ice/Summoning                4
   Trog disapproves of the use of such an item.
Miscellaneous
 v - a box of beasts
Comestibles
 n - 4 rations


   Skills:
 + Level 11.3 Fighting
 + Level 16.8 Axes
 + Level 9.0 Armour
 + Level 5.4 Dodging
 - Level 1.1 Stealth


You had 11 spell levels left.
You didn't know any spells.

Dungeon Overview and Level Annotations

Branches:
Dungeon (10/15)            Temple (1/1) D:7            Lair (0/6) D:10
    Orc (1/2) D:10

Altars:
Ashenzari
Cheibriados
Dithmenos
Elyvilon
Fedhas
Gozag
Hepliaklqana
Kikubaaqudgha
Makhleb
Nemelex Xobeh
Okawaru
Qazlal
Ru
Sif Muna
Trog
Uskayaw
Vehumet
Wu Jian
Xom
Yredelemnul
Zin
The Shining One

Shops:
D:7 ?


Message History

You hit the orc sorcerer but do no damage.
The orc sorcerer is moderately wounded.
You hit the orc priest. You freeze the orc priest.
You kill the orc priest!
Trog accepts your kill.
You miss the orc wizard. You hit the sun demon but do no damage.
The orc wizard hits you but does no damage.
The orc sorcerer hits you but does no damage.
Your ogre closely misses the sun demon.
The sun demon hits you!
You are engulfed in flames!!
The fire burns you terribly! The orc wizard closely misses you.
You feel very mighty all of a sudden.
The orc wizard mumbles some strange words.
The orc wizard blinks!
Your ogre closely misses the sun demon.
The sun demon hits you but does no damage.
The orc sorcerer hits you but does no damage.
The sun demon hits you!!
* * * LOW HITPOINT WARNING * * *
You are engulfed in flames!!
The fire burns you terribly!
You die...

........## .....#...#
.........# ## .........
..# ...>.....#.#
....>...$#.##
#......O3o)..#
#.......)@.o#
#......ยง.####
##........#.##
##............# ###
#...#........## ##.##
#........#.### #...#
#......####.## ##.##
##.....O.#...## #...#
##............######.##


You could see a sun demon, an orc sorcerer, an orc wizard and a friendly ogre
(berserk).

Vanquished Creatures
  The ghost of fly the Quickloader, a journeyman CeHu of Okawaru (Orc:1)
  Fannar (D:10)
  Erica (D:8)
  Psyche (D:8)
  A kobold demonologist (D:9)
  A troll (D:9)
  3 hippogriffs
  17 yaks
  A wyvern (D:10)
  Sigmund (D:8)
  A human (D:7)
  3 hogs (D:7)
  2 hungry ghosts
  A warg (Orc:1)
  A water moccasin (D:9)
  2 hell hounds (D:10)
  An eye of draining (D:9)
  An ice beast (D:8)
  3 orc warriors
  4 sky beasts
  A black bear (D:8)
  A phantom (D:7)
  2 necrophages
  7 ogres
  2 centaurs
  10 big kobolds (D:9)
  4 bullfrogs
  A gnoll sergeant (D:7)
  2 wyvern skeletons (D:10)
  2 scorpions (D:5)
  8 killer bees
  9 wights (D:6)
  3 electric eels (D:8)
  5 crimson imps
  4 howler monkeys
  A quasit (D:9)
  3 hounds
  5 jellies
  5 orc priests
  2 bullfrog skeletons
  5 iguanas
  10 orc wizards
  7 worker ants
  Terence (D:2)
  2 hound skeletons
  2 worker ant zombies
  A howler monkey skeleton (D:8)
  14 gnolls
  13 adders
  2 shadow imps
  An ooze (D:4)
  2 adder zombies (D:5)
  An adder skeleton (D:7)
  4 worms
  2 dart slugs (D:1)
  3 leopard geckos
  37 orcs
  6 giant cockroaches
  7 goblins
  13 hobgoblins
  7 jackals
  14 kobolds
  5 quokkas
  A ball python (D:3)
  6 bats
  2 frilled lizards
  A jackal zombie (D:6)
  An orc zombie (D:6)
  5 rats
  A plant (D:8)
300 creatures vanquished.

Vanquished Creatures (collateral kills)
  A two-headed ogre (D:8)
  2 hippogriffs
  An ice beast (D:8)
  A phantom (D:8)
  A black bear (D:9)
  A bullfrog (D:8)
  A killer bee (D:8)
  A crimson imp (D:8)
  A worker ant (D:10)
  An adder (D:9)
11 creatures vanquished.

Grand Total: 311 creatures vanquished

Notes
Turn   | Place    | Note
-------+----------+-------------------------------------------
     0 | D:1      | Ilphrin the Hill Orc Berserker began the quest for the Orb.
     0 | D:1      | Reached XP level 1. HP: 19/19 MP: 1/1
   376 | D:1      | Reached XP level 2. HP: 21/27 MP: 2/2
   887 | D:2      | Reached XP level 3. HP: 30/33 MP: 3/3
   938 | D:2      | Found a snail-covered altar of Cheibriados.
   940 | D:2      | Found a basalt altar of Yredelemnul.
   940 | D:2      | Found a glowing golden altar of the Shining One.
   940 | D:2      | Found a radiant altar of Vehumet.
  1043 | D:2      | Found an opulent altar of Gozag.
  1212 | D:2      | Reached skill level 5 in Axes
  1216 | D:2      | Reached XP level 4. HP: 41/41 MP: 4/4
  1392 | D:2      | Reached ** piety under Trog
  1571 | D:2      | Noticed Terence
  1583 | D:2      | Killed Terence
  1827 | D:3      | Reached XP level 5. HP: 47/47 MP: 5/5
  1987 | D:3      | Reached skill level 6 in Axes
  2208 | D:3      | Found a shimmering altar of Xom.
  2338 | D:3      | Reached skill level 5 in Fighting
  2574 | D:3      | Found a hazy altar of Hepliaklqana.
  2766 | D:4      | Reached XP level 6. HP: 50/56 MP: 6/6
  2861 | D:4      | Reached skill level 7 in Axes
  3402 | D:4      | Found an ancient bone altar of Kikubaaqudgha.
  3428 | D:4      | Found a deep blue altar of Sif Muna.
  3460 | D:4      | Reached XP level 7. HP: 55/61 MP: 7/7
  3536 | D:4      | Reached *** piety under Trog
  3968 | D:5      | Entered Level 5 of the Dungeon
  4178 | D:5      | Reached skill level 8 in Axes
  4224 | D:5      | Noticed a dagger
  4226 | D:5      | Noticed a dagger
  4274 | D:5      | Found a hide-covered altar of Uskayaw.
  4347 | D:5      | Reached skill level 5 in Armour
  4347 | D:5      | Reached XP level 8. HP: 70/70 MP: 8/8
  4450 | D:5      | Found an ornate altar of the Wu Jian Council.
  4484 | D:5      | Reached skill level 9 in Axes
  4973 | D:6      | Reached skill level 10 in Axes
  4973 | D:6      | Reached skill level 1 in Stealth
  5508 | D:6      | Found a sand-covered staircase.
  5543 | D:6      | Reached **** piety under Trog
  5543 | D:6      | Reached XP level 9. HP: 39/78 MP: 9/9
  5827 | D:6      | Reached skill level 11 in Axes
  6409 | D:7      | Found a burning altar of Makhleb.
  6512 | D:7      | Found Fedam's Magic Scroll Shoppe.
  6543 | D:7      | Bought a scroll of enchant armour for 120 gold pieces
  6543 | D:7      | Bought a scroll of identify for 32 gold pieces
  6543 | D:7      | Bought a scroll of identify for 32 gold pieces
  6562 | D:7      | Reached skill level 12 in Axes
  7061 | D:7      | Found a staircase to the Ecumenical Temple.
  7067 | Temple   | Entered the Ecumenical Temple
  7508 | D:7      | Reached skill level 13 in Axes
  7508 | D:7      | Reached XP level 10. HP: 71/88 MP: 10/10
  7782 | D:8      | Noticed a two-headed ogre
  7789 | D:8      | Killed a two-headed ogre
  8439 | D:8      | Found a stormy altar of Qazlal.
  8714 | D:8      | Noticed Sigmund
  8718 | D:8      | Noticed Erica
  8727 | D:8      | Killed Erica
  8727 | D:8      | Reached skill level 14 in Axes
  8733 | D:8      | Killed Sigmund
 10098 | D:8      | Noticed Psyche
 10114 | D:8      | Killed Psyche
 10609 | D:9      | Reached XP level 11. HP: 71/97 MP: 11/11
 10762 | D:9      | Reached skill level 15 in Axes
 10776 | D:9      | Reached ***** piety under Trog
 11274 | D:9      | Identified 2 scrolls of acquirement
 11284 | D:9      | Got a warped iron ring
 11286 | D:9      | Identified the ring "Elaij" {rF- rC+ Str+4 Int-5 Dex+2} (You acquired it on level 9 of the Dungeon)
 11647 | D:10     | Entered Level 10 of the Dungeon
 11650 | D:10     | Noticed Fannar
 11660 | D:10     | Reached skill level 10 in Fighting
 11671 | D:10     | Reached skill level 5 in Dodging
 11673 | D:10     | Killed Fannar
 12060 | D:10     | Reached skill level 16 in Axes
 12180 | D:10     | Found a staircase to the Orcish Mines.
 12317 | D:10     | Found a staircase to the Lair.
 13025 | Orc:1    | Entered Level 1 of the Orcish Mines
 13035 | Orc:1    | Reached XP level 12. HP: 100/110 MP: 12/12
 13184 | Orc:1    | Noticed fly's ghost (journeyman CeHu)
 13192 | Orc:1    | Killed fly's ghost
 13228 | Orc:1    | Noticed a sun demon
 13233 | Orc:1    | Slain by a sun demon

Skill      XL: |  1  2  3  4  5  6  7  8  9 10 11 12 |
---------------+-------------------------------------+-----
Fighting       | 4 5 6 8 9 11 | 11.3
Axes           | 5 6 7 8 10 13 14 16 | 16.8
Dodging        | 2 3 4 5 |  5.4
Armour         | 3 4 5 6 8 9 |  9.0
Stealth        | 1 |  1.1

Action                   |  1- 3 |  4- 6 |  7- 9 | 10-12 || total
-------------------------+-------+-------+-------+-------++-------
Melee: Hand axe          |    92 |    36 |       |       ||   128
       War axe           |       |   151 |   303 |   398 ||   852
Invok: Berserk           |     1 |     3 |     2 |     1 ||     7
       Trog's Hand       |       |     1 |       |       ||     1
       Brothers in Arms  |       |       |       |     8 ||     8
       Burn Spellbooks   |       |       |       |     3 ||     3
  Use: Scroll            |     5 |     4 |     9 |     6 ||    24
       Potion            |     1 |     7 |     6 |     7 ||    21
 Stab: Distracted        |       |       |     1 |     1 ||     2
  Eat: Ration            |     1 |     2 |     4 |     5 ||    12
       Chunk             |       |     2 |     6 |     9 ||    17
Armor: Animal skin       |     6 |       |       |       ||     6
       Ring mail         |    29 |    53 |    86 |   149 ||   317
Dodge: Dodged            |    45 |   101 |   168 |   256 ||   570
